Map: [ESL] Glittering Ashes

Players

Astrea - Winner!

  • Race: Protoss Protoss

Creator

  • Race: Protoss Protoss

Event: IEM Katowice 2022

VOD

Have the link to the VOD?

Description

Time

  • Played on: Feb. 23, 2022, 7 a.m.
  • Length: 14:42

All games in this series

Show
View Real Time Build Order
Export as new Build Order

Astrea Protoss - Winner!

Build Orders: Blink Stalkers 

Get SALT Encoding   

  12  0:00  Probe  
  13  0:12  Probe  
  14  0:17  Pylon  
  14  0:24  Probe (Chrono Boost)  
  15  0:36  Probe (Chrono Boost)  
  15  0:39  Gateway  
  16  0:45  Probe (Chrono Boost)  
  16  0:48  Assimilator  
  17  0:51  Probe  
  18  0:57  Assimilator  
  18  1:03  Probe (Chrono Boost)  
  19  1:05  Pylon  
  20  1:12  Probe (Chrono Boost)  
  20  1:17  Probe (Chrono Boost)  
  21  1:27  Cybernetics Core  
  21  1:29  Probe  
  21  1:32  Zealot  
  24  1:41  Probe  
  25  1:53  Probe  
  26  2:04  Sentry, Warp Gate  
  26  2:05  Probe  
  29  2:14  Nexus  
  29  2:17  Probe  
  30  2:25  Pylon  
  30  2:29  Pylon  
  30  2:31  Probe  
  31  2:47  Stalker, Probe  
  34  2:55  Gateway  
  34  2:59  Twilight Council, Probe  
  33  3:11  Probe  
  33  3:21  Shield Battery  
  33  3:24  Stalker (Chrono Boost), Probe  
  36  3:30  Probe  
  36  3:33  Blink (Chrono Boost)  
  37  3:36  Probe  
  38  3:42  Probe  
  41  3:57  Stalker  
  41  3:58  Stalker  
  41  4:00  Probe  
  41  4:02  Probe  
  45  4:11  Phoenix  
  45  4:13  Probe  
  45  4:14  Probe  
  42  4:25  Stalker x2, Probe (Chrono Boost)  
  42  4:26  Probe (Chrono Boost)  
  46  4:35  Probe x2 (Chrono Boost)  
  45  4:40  Probe x2 (Chrono Boost)  
  47  4:51  Probe  
  48  4:53  Nexus, Probe  
  49  5:03  Probe  
  49  5:05  Robotics Facility, Probe  
  51  5:15  Pylon, Probe  
  51  5:17  Probe  
  53  5:22  Phoenix  
  53  5:23  Assimilator  
  53  5:28  Probe (Chrono Boost)  
  54  5:33  Probe (Chrono Boost)  
  54  5:34  Stalker x2  
  59  5:38  Pylon  
  60  5:45  Probe x2 (Chrono Boost)  
  60  5:49  Shield Battery  
  61  5:50  Gateway, Probe (Chrono Boost)  
  61  5:51  Charge (Chrono Boost)  
  61  5:56  Probe  
  63  5:58  Adept x2  
  63  6:00  Probe, Observer  
  69  6:08  Probe x2  
  69  6:10  Pylon  
  71  6:12  Probe  
  71  6:18  Observer  
  72  6:20  Probe x2  
  72  6:22  Stalker x2  
  72  6:24  Probe  
  79  6:32  Pylon, Probe x2  
  81  6:33  Immortal (Chrono Boost)  
  81  6:36  Probe  
  86  6:43  Pylon  
  86  6:44  Probe x2  
  88  6:51  Stalker x3  
  94  6:59  Pylon  
  94  7:00  Pylon  
  93  7:04  Probe  
  93  7:09  Probe  
  93  7:11  Probe  
  93  7:15  Stalker x3  
  96  7:17  Probe  
  96  7:24  Immortal (Chrono Boost)  
  97  7:30  Gateway  
  97  7:31  Gateway  
  97  7:41  Stalker x3  
  97  7:54  Warp Prism (Chrono Boost), Probe x3  
  99  7:59  Gateway  
  99  8:04  Stalker x3  
  93  8:29  Probe x3  
  93  8:30  Stalker x5, Observer  
  106  8:39  Forge  
  106  8:41  Pylon  
  106  8:53  Stalker x5  
  117  9:03  Observer  
  117  9:04  Assimilator  
  117  9:06  Pylon, Protoss Ground Weapons Level 1 (Chrono Boost)  
  117  9:10  Probe x2  
  117  9:11  Assimilator  
  119  9:17  Zealot x3  
  119  9:20  Pylon  
  119  9:22  Pylon  
  125  9:24  Photon Cannon, Probe  
  125  9:25  Nexus  
  123  9:32  Probe  
  123  9:35  Pylon  
  124  9:41  Probe x2  
  124  9:45  Dark Shrine, Probe  
  127  9:50  Zealot x5  
  137  9:53  Probe x2  
  137  9:56  Zealot  
  137  9:59  Probe  
  142  10:05  Probe  
  142  10:06  Probe  
  140  10:11  Probe  
  140  10:12  Photon Cannon  
  131  10:14  Shield Battery  
  131  10:17  Observer  
  131  10:18  Probe  
  126  10:27  Stalker x6  
  138  10:32  Observer  
  138  10:34  Probe x3  
  142  10:37  Shield Battery  
  142  10:38  Pylon  
  142  10:44  Pylon  
  142  10:48  Protoss Ground Weapons Level 2 (Chrono Boost)  
  142  10:51  Stalker x6  
  142  10:54  Shadow Stride (Chrono Boost)  
  154  11:07  Gateway  
  154  11:09  Gateway  
  154  11:15  Dark Templar x4  
  162  11:21  Stalker  
  162  11:22  Stalker  
  166  11:28  Gateway  
  166  11:30  Gateway  
  165  11:37  Probe x4  
  162  11:46  Stalker  
  162  11:47  Stalker x5  
  165  11:49  Probe  
  168  12:03  Pylon  
  168  12:04  Pylon  
  168  12:05  Pylon  
  168  12:09  Pylon  
  168  12:10  Nexus, Observer  
  164  12:28  Observer  
  163  12:33  Dark Templar x3  
  163  12:36  Assimilator  
  167  12:37  Photon Cannon  
  167  12:38  Pylon, Assimilator  
  167  12:41  Photon Cannon  
  167  12:43  Zealot x7  
  181  12:50  Probe x2  
  181  12:51  Assimilator  
  183  12:53  Probe  
  180  13:09  Stalker x2  
  180  13:10  Stalker x5  
  194  13:20  Pylon  
  192  13:29  Stalker x3  
  192  13:30  Probe x2  
  200  13:37  Photon Cannon x2  
  198  14:00  Stalker x3  
  188  14:12  Stalker x3  
  188  14:13  Stalker x4  
  189  14:30  Stalker x3  
  181  14:38  Stalker x4  
  181  14:39  Stalker x3  
Show
View Real Time Build Order
Export as new Build Order

Creator Protoss 

Build Orders: Oracle Opening 

Get SALT Encoding   

  12  0:00  Probe  
  13  0:12  Probe  
  14  0:19  Pylon  
  14  0:24  Probe  
  15  0:37  Probe (Chrono Boost)  
  15  0:38  Gateway  
  16  0:47  Assimilator  
  16  0:48  Probe (Chrono Boost)  
  17  0:52  Probe (Chrono Boost)  
  18  0:59  Assimilator  
  19  1:04  Probe (Chrono Boost)  
  19  1:09  Pylon  
  19  1:15  Probe (Chrono Boost)  
  20  1:20  Probe (Chrono Boost)  
  21  1:26  Cybernetics Core  
  21  1:28  Zealot  
  21  1:32  Probe  
  24  1:44  Probe  
  25  1:52  Pylon  
  25  1:56  Probe  
  26  2:02  Adept (Chrono Boost)  
  26  2:04  Stargate  
  28  2:14  Pylon  
  28  2:15  Warp Gate  
  28  2:29  Stalker  
  30  2:33  Probe  
  31  2:50  Oracle (Chrono Boost)  
  33  2:56  Nexus  
  33  3:02  Probe  
  34  3:14  Probe  
  34  3:18  Pylon  
  35  3:23  Oracle (Chrono Boost)  
  35  3:25  Shield Battery  
  38  3:32  Probe  
  37  3:38  Twilight Council  
  37  3:46  Probe  
  38  3:49  Gateway  
  38  3:58  Probe  
  39  4:03  Adept  
  39  4:07  Shield Battery  
  39  4:08  Probe  
  42  4:12  Probe  
  42  4:16  Blink (Chrono Boost)  
  43  4:26  Probe (Chrono Boost)  
  43  4:30  Probe (Chrono Boost)  
  45  4:37  Probe (Chrono Boost)  
  44  4:41  Probe (Chrono Boost)  
  44  4:42  Gateway, Probe (Chrono Boost)  
  44  4:43  Robotics Facility  
  45  4:50  Probe  
  45  4:52  Probe  
  47  4:53  Stalker  
  49  5:02  Stalker, Probe  
  49  5:04  Probe  
  53  5:14  Probe  
  53  5:18  Stalker  
  56  5:27  Pylon  
  56  5:31  Observer  
  57  5:35  Assimilator  
  57  5:38  Stalker x2, Nexus  
  57  5:42  Pylon  
  61  5:43  Probe  
  61  5:46  Stalker  
  64  5:51  Gateway  
  64  6:01  Stalker x2  
  68  6:08  Probe x2  
  68  6:10  Pylon  
  68  6:11  Stalker  
  72  6:16  Forge  
  72  6:17  Pylon  
  72  6:25  Stalker x2  
  76  6:30  Probe, Observer  
  76  6:31  Probe  
  79  6:39  Stalker  
  81  6:43  Probe x2  
  83  6:50  Stalker x2  
  83  6:51  Zealot  
  89  7:03  Stalker  
  89  7:06  Probe x3  
  90  7:14  Stalker x2  
  94  7:17  Protoss Ground Weapons Level 1 (Chrono Boost)  
  94  7:22  Probe x2  
  94  7:24  Probe  
  94  7:25  Assimilator x2  
  95  7:36  Probe x2  
  97  7:39  Stalker x3  
  97  7:40  Zealot  
  95  7:55  Probe x3  
  98  7:59  Gateway  
  98  8:02  Gateway  
  98  8:04  Stalker x4  
  98  8:05  Observer  
  98  8:22  Probe x3  
  93  8:29  Charge (Chrono Boost)  
  93  8:30  Gateway  
  93  8:32  Gateway  
  93  8:33  Gateway  
  93  8:34  Warp Prism (Chrono Boost)  
  93  8:36  Stalker, Zealot x3  
  93  8:39  Pylon  
  103  8:42  Templar Archives  
  103  8:50  Pylon  
  103  8:57  Protoss Ground Weapons Level 2 (Chrono Boost)  
  102  9:04  Immortal  
  106  9:13  Sentry, Zealot x2  
  106  9:14  Shield Battery  
  106  9:17  Nexus  
  109  9:32  High Templar x2, Zealot x2  
  109  9:36  Pylon  
  109  9:37  Pylon, Archon  
  117  9:39  Pylon  
  115  9:46  Stalker  
  115  9:49  Pylon  
  117  9:56  Zealot  
  117  9:57  Zealot x4  
  118  10:14  High Templar x2  
  118  10:15  Zealot  
  118  10:18  Observer (Chrono Boost)  
  118  10:19  Archon  
  118  10:21  Zealot x5  
  126  10:35  Pylon  
  126  10:36  Stalker, Pylon  
  126  10:37  Stalker x2, Observer (Chrono Boost)  
  126  10:38  Pylon  
  126  10:41  Pylon  
  131  10:49  Stalker x3, Zealot x2  
  133  10:59  Zealot x3  
  139  11:04  Pylon  
  139  11:08  Probe x3  
  140  11:14  Zealot x3  
  140  11:15  Zealot x2  
  150  11:24  Stalker x3  
  142  11:36  Observer  
  142  11:39  Stalker x5  
  142  11:48  Zealot x2  
  142  11:50  Zealot  
  115  12:01  Probe  
  115  12:02  Probe x2  
  115  12:08  Stalker x3  
  121  12:18  Sentry, Stalker x2  
  119  12:30  Stalker x2  
  123  12:42  Stalker  
  123  12:43  Zealot x2  
  129  12:51  Zealot x3  
  133  13:04  Stalker  
  129  13:07  Zealot x2  
  133  13:16  Zealot x2  
  133  13:18  Stalker x2  
  133  13:27  Stalker, Zealot  
  134  13:34  Stalker  
  134  13:35  Zealot  
  138  13:46  Stalker  
  140  13:48  Photon Cannon  
  136  13:57  Stalker x2  
  134  14:05  Zealot x3  
  130  14:15  Zealot x3  
  79  14:25  Zealot x2  

Tags
 
Add a new tag
Caveats
  • Supply blocks, unpowered buildings, or Contaminate may cause inaccurate times.
  • Supply counts are checked every 10 seconds.